 Dungeon Sprint DCSS version 0.21-a0-265-gb353147 (webtiles) character file.

135 Kidiri the Skirmisher (level 5, -2/52 HPs)
             Began as a Hill Orc Monk on Sept 12, 2017.
             Was a Believer of Beogh.
             Slain by an unseen horror (6 damage)
             ... in the Dungeon (Sprint IX: "|||||||||||||||||||||||||||||").
             The game lasted 00:01:47 (363 turns).

Kidiri the Skirmisher (Hill Orc Monk)                Turns: 363, Time: 00:01:47

Health: -2/52      AC: 12    Str: 15    XL:     5   Next: 18%
Magic:  0/6        EV: 13    Int: 10    God:    Beogh [**....]
Gold:   0          SH:  0    Dex: 13    Spells: 4/4 levels left

rFire    . . .     SeeInvis .   n - +2 morningstar (crush)
rCold    . . .     Gourm    .   (no shield)
rNeg     . . .     Faith    .   b - +1 scale mail
rPois    .         Spirit   .   (no helmet)
rElec    .         Reflect  .   p - +0 cloak
rCorr    .         Harm     .   (no gloves)
MR       .....     NoTele   +   o - +0 pair of boots
Stlth    ..........             (no amulet)
HPRegen  0.17/turn              q - +2 ring of evasion
MPRegen  0.10/turn              r - +2 ring of protection

@: no status effects
A: no striking features
a: Smiting, Renounce Religion


You were in the Dungeon.
You worshipped Beogh.
Beogh was pleased with you.
You were not hungry.

You visited 1 branch

Inventory:

Hand Weapons
 a - a +0 whip
 n - a +2 morningstar of crushing (weapon)
Armour
 b - a +1 scale mail (worn)
 o - a +0 pair of boots (worn)
 p - a +0 cloak (worn)
Jewellery
 q - a +2 ring of evasion (left hand)
 r - a +2 ring of protection (right hand)
Wands
 m - a wand of lightning (7/15)
Scrolls
 i - 2 scrolls of blinking
 k - 3 scrolls of remove curse
 l - 2 scrolls of amnesia
Potions
 d - 5 potions of curing
 e - 2 potions of heal wounds
 f - a potion of haste
 g - 4 potions of magic
 j - a potion of invisibility
Comestibles
 c - a bread ration
 h - 6 chunks of flesh


   Skills:
 * Level 7.1 Fighting
 * Level 6.6 Maces & Flails
 + Level 3.8 Armour
 * Level 4.8 Dodging
 - Level 1.5 Stealth
 + Level 2.5 Invocations


You had 4 spell levels left.
You didn't know any spells.

Dungeon Overview and Level Annotations

Branches:
Dungeon (1/1)

Altars:
Cheibriados
Dithmenos
Elyvilon
Fedhas
Gozag
Hepliaklqana
Kikubaaqudgha
Makhleb
Nemelex Xobeh
Okawaru
Qazlal
Ru
Sif Muna
Trog
Uskayaw
Vehumet
Wu Jian
Xom
Yredelemnul
Zin
The Shining One
Beogh
Jiyva
Lugonu


Message History

The crimson imp blinks!
The phantom hits you.
The phantom blinks!
Okay, then.
Unknown command.
You miss the phantom.
The phantom is almost destroyed.
Something hits you! Something hits you.
The crimson imp picks up a beetle and eats it.
The crimson imp blinks!
The phantom misses you. Something hits you!
* * * LOW HITPOINT WARNING * * *
Unknown command.
You don't have enough magic at the moment.
You hit the phantom.
The phantom is almost destroyed.
Something hits you.
* * * LOW HITPOINT WARNING * * *
The phantom barely misses you. The eye of draining gazes at you.
You feel your power leaking away. Something hits you.
You die... ▓▓▓▓▓▓▓▓▓▓▓▓▓▓▓▓▓▓▓▓▓▓▓▓ ..5.lG)@W[..)|..'_______ ▓▓▓▓▓▓▓▓▓▓▓▓▓▓▓▓▓▓▓▓▓▓▓▓

You could see an eye of draining, a phantom, a wyvern and a crimson imp.

Vanquished Creatures
  An ogre (D)
  A hound (D)
  2 adders (D)
  A leopard gecko (D)
  An orc (D)
  A goblin (D)
  2 hobgoblins (D)
  2 kobolds (D)
11 creatures vanquished.

Notes
Turn   | Place    | Note
-------+----------+-------------------------------------------
     0 | D        | Kidiri the Hill Orc Monk began the quest for the Orb.
     0 | D        | Reached XP level 1. HP: 19/19 MP: 1/1
     6 | D        | Reached skill level 4 in Fighting
    10 | D        | Reached skill level 1 in Armour
    25 | D        | Reached XP level 2. HP: 9/28 MP: 2/2
   238 | D        | Reached skill level 5 in Fighting
   238 | D        | Reached skill level 5 in Maces & Flails
   238 | D        | Reached XP level 3. HP: 36/36 MP: 3/3
   253 | D        | Reached XP level 4. HP: 44/44 MP: 4/4
   279 | D        | Found a roughly hewn altar of Beogh.
   279 | D        | Found a snail-covered altar of Cheibriados.
   279 | D        | Found a shadowy altar of Dithmenos.
   279 | D        | Found a white marble altar of Elyvilon.
   279 | D        | Found a blossoming altar of Fedhas.
   279 | D        | Found an opulent altar of Gozag.
   280 | D        | Found a hazy altar of Hepliaklqana.
   281 | D        | Found a viscous altar of Jiyva.
   282 | D        | Became a worshipper of Beogh the Brigand
   282 | D        | Reached * piety under Beogh
   282 | D        | Reached ** piety under Beogh
   283 | D        | Found an ancient bone altar of Kikubaaqudgha.
   284 | D        | Found a corrupted altar of Lugonu.
   285 | D        | Found a burning altar of Makhleb.
   286 | D        | Found a sparkling altar of Nemelex Xobeh.
   287 | D        | Found an iron altar of Okawaru.
   288 | D        | Found a stormy altar of Qazlal.
   289 | D        | Found a sacrificial altar of Ru.
   290 | D        | Found a deep blue altar of Sif Muna.
   291 | D        | Found a bloodstained altar of Trog.
   292 | D        | Found a hide-covered altar of Uskayaw.
   293 | D        | Found a radiant altar of Vehumet.
   294 | D        | Found an ornate altar of the Wu Jian Council.
   295 | D        | Found a shimmering altar of Xom.
   296 | D        | Found a basalt altar of Yredelemnul.
   297 | D        | Found a glowing silver altar of Zin.
   298 | D        | Found a glowing golden altar of the Shining One.
   350 | D        | Noticed a wyvern
   350 | D        | Noticed an eye of draining
   350 | D        | Noticed a phantom
   350 | D        | Noticed an ogre
   353 | D        | Killed an ogre
   353 | D        | Reached skill level 7 in Fighting
   353 | D        | Reached XP level 5. HP: 52/52 MP: 1/6
   363 | D        | Slain by an unseen horror

Vault maps used:
D:        linesprint

Skill      XL: |  1  2  3  4 |
---------------+-------------+-----
Fighting       | 4 5 7 |  7.1
Armour         | 1 2 3 |  3.8
Maces & Flails | 4 5 6 |  6.6
Dodging        | 3 4 |  4.8
Invocations    | 2 |  2.5
Stealth        | |  1.5

Action                   |  1- 3 |  4- 6 || total
-------------------------+-------+-------++-------
Melee: Mace              |    40 |       ||    40
       Morningstar       |       |    12 ||    12
  Use: Potion            |     1 |     1 ||     2
Armor: Robe              |     3 |       ||     3
       Scale mail        |       |    10 ||    10
Dodge: Dodged            |    22 |    10 ||    32

Table legend:
 A = Spawn XP
 B = Non-spawn XP
 C = Spawn XP percentage of total XP
 D = Spawn monster count
 E = Non-spawn monster count
 F = Spawn count percentage of total count
 G = Total turns spent on level
                    A         B        C        D         E        F      G
               +---------+---------+-------+---------+---------+-------+---------
         Total |       0 |     194 |   0.0 |       0 |      11 |   0.0 |   363
               +---------+---------+-------+---------+---------+-------+---------
             D |       0 |     194 |   0.0 |       0 |      11 |   0.0 |   363
               +---------+---------+-------+---------+---------+-------+---------
